 Dungeon Crawl Stone Soup version 0.31-a0-1469-gd420192249 (webtiles) character file.

Game seed: 6735119659365853128

975 Twinkles the Trooper (level 8, -3/84 HPs)
             Began as an Oni Gladiator on Dec 29, 2023.
             Slain by Pikel
             ... wielding a +1 whip of flaming
              (4 damage)
             ... on level 5 of the Dungeon.
             The game lasted 00:10:02 (3917 turns).

Twinkles the Trooper (Oni Gladiator)                Turns: 3917, Time: 00:10:03

Health: -3/84      AC:  3    Str: 21    XL:     8   Next: 16%
Magic:  8/8        EV: 16    Int:  9    God:
Gold:   170        SH:  0    Dex: 10    Spells: 7/7 levels left

rFire   . . .        g - +2 halberd (flame)
rCold   . . .        (shield currently unavailable)
rNeg    . . .        b - +0 robe
rPois   .            c - +0 hat
rElec   .            j - scarf {repulsion}
rCorr   .            (gloves unavailable)
SInv    .            (boots unavailable)
Will    .....        l - amulet of regeneration
Stlth   +            i - +5 ring of evasion
HPRegen 1.14/turn    (no ring)
MPRegen 0.11/turn

%: repel missiles
@: no status effects
A: large, unfitting armour, horns 1, tough skin 1, double potion healing,
drunken brawling
a: no special abilities


You were on level 5 of the Dungeon.
You visited 2 branches of the dungeon, and saw 6 of its levels.

You collected 262 gold pieces.
You spent 92 gold pieces at shops.

Inventory:

Hand Weapons
 a - a +0 flail
 g - a +2 halberd of flaming (weapon)
Missiles
 d - 6 throwing nets (quivered)
 e - a large rock
 m - 6 curare-tipped darts
Armour
 b - a +0 robe (worn)
 c - a +0 hat (worn)
 j - a scarf of repulsion (worn)
Jewellery
 f - a +5 ring of evasion
 i - a +5 ring of evasion (left hand)
 k - an amulet of faith
 l - an amulet of regeneration (around neck)
 o - a ring of wizardry
 p - an amulet of magic regeneration
 s - a ring of magical power
Talismans
 r - a beast talisman
Wands
 q - a wand of flame (27)
 u - a wand of light (15)
Scrolls
 h - a scroll of acquirement {unknown}
 n - 3 scrolls of enchant armour {unknown}
 v - a scroll of poison {unknown}
 w - 2 scrolls of fear {unknown}
 x - a scroll of noise {unknown}
 y - a scroll of teleportation {unknown}
 A - a scroll of enchant weapon {unknown}
 D - a scroll of blinking
 Z - a scroll of identify
Potions
 B - a potion of brilliance
 J - a potion of curing
 M - a potion of might
 U - 2 potions of mutation


   Skills:
 + Level 6.5 Fighting
 + Level 5.4 Maces & Flails
 + Level 4.9 Throwing
 + Level 5.0 Dodging


You had 7 spell levels left.
You didn't know any spells.
Your spell library contained the following spells:

 Spells                   Type           Power      Damage    Failure   Level
 Blink                    Tloc           0%         N/A       52%         2
 Ensorcelled Hibernation  Hex/Ice        0%         N/A       52%         2
 Lesser Beckoning         Tloc           0%         N/A       52%         2
 Momentum Strike          Conj/Tloc      0%         3d8       52%         2
 Passwall                 Erth           0%         N/A       77%         3
 Swiftness                Air            0%         N/A       77%         3


Dungeon Overview and Level Annotations

Branches:
Dungeon (5/15) Zot: 25994  Temple (1/1) D:5 Zot: 5998

Altars:
Ashenzari
Dithmenos
Fedhas
Gozag
Hepliaklqana
Kikubaaqudgha
Makhleb
Nemelex Xobeh
Trog
Uskayaw
Vehumet
Xom
Yredelemnul

Shops:
D:3 *

Annotations:
D:3 2 runed translucent doors
D:5 Pikel


Innate Abilities, Weirdness & Mutations

You are too large for most types of armour.
You have a pair of small horns on your head.
You have tough skin. (AC +1)
You gain doubled healing and magic from potions.
Whenever you drink a healing potion, you attack all around you.


Message History

You barely miss Pikel.
Pikel is severely wounded.
Pikel misses you.
You closely miss Pikel. You headbutt Pikel.
Pikel is severely wounded.
Pikel barely misses you. Pikel closely misses you.
You hit Pikel. You burn Pikel.
Pikel is severely wounded.
Pikel hits you with a +1 whip of flaming!
Pikel burns you.
You barely miss Pikel. You headbutt Pikel, but do no damage.
Pikel is severely wounded.
Pikel hits you with a +1 whip of flaming.
Pikel burns you.
Pikel hits you with a +1 whip of flaming.
* * * LOW HITPOINT WARNING * * *
Pikel burns you.
* * * LOW HITPOINT WARNING * * *
You barely miss Pikel.
Pikel is severely wounded.
Pikel hits you with a +1 whip of flaming!
* * * LOW HITPOINT WARNING * * *
Pikel burns you.
* * * LOW HITPOINT WARNING * * *
You hit Pikel but do no damage. Your headbutt misses Pikel.
Pikel is severely wounded.
Pikel closely misses you. Pikel barely misses you.
You closely miss Pikel.
Pikel is severely wounded.
Pikel hits you with a +1 whip of flaming.
* * * LOW HITPOINT WARNING * * *
Pikel burns you.
* * * LOW HITPOINT WARNING * * *
You barely miss Pikel.
Pikel is severely wounded.
Pikel hits you with a +1 whip of flaming!
* * * LOW HITPOINT WARNING * * *
Pikel burns you.
You die...
Pikel says, "Another soul for the market."

############.#.#####.# #.# .
....# ##.###......# ###.# ###.#
#.## ##.##### #...# ##.##
##.###.## #.### #...# ##.#.##
####.#### #.#.#
###.#######.......# ##.#.####
#.....##.......##.#
...#....###.....##.##.#..##.##
#####<.>........@K5[..#......####
...#.)..###..<..##5#..#.###.....)
##.#)#..........##......# #.#####
#.#.########.######........#
##...### #.# .....##### #......#
#.# ......# .......# #.# #5K5..##
..#.#..# ... ##...## ..#.#..# ...
##.##


You could see Pikel and 2 lemures.

Vanquished Creatures
  Grinder (D:3)
  A black bear (D:5)
  A phantom (D:3)
  2 lemures (D:5)
  A scorpion (D:5)
  2 jellies (D:5)
  A gnoll bouda (D:5)
  4 hounds (D:5)
  An iguana (D:5)
  5 adders
  18 gnolls
  2 white imps (D:5)
  3 dart slugs
  6 orcs
  8 ball pythons
  11 endoplasms
  5 giant cockroaches
  7 goblins
  3 hobgoblins
  4 quokkas
  2 bats
  2 frilled lizards
  7 kobolds
  4 rats
101 creatures vanquished.

Notes
Turn   | Place    | Note
-------+----------+-------------------------------------------
     0 | D:1      | Twinkles the Oni Gladiator began the quest for the Orb.
     0 | D:1      | Reached XP level 1. HP: 22/22 MP: 1/1
    52 | D:1      | Found a faded altar of an unknown god.
   179 | D:1      | Reached XP level 2. HP: 29/29 MP: 2/2
   184 | D:1      | Reached skill level 3 in Fighting
  1030 | D:2      | Reached XP level 3. HP: 37/37 MP: 3/3
  1455 | D:2      | Reached XP level 4. HP: 46/46 MP: 4/4
  1702 | D:3      | Noticed Grinder
  1711 | D:3      | Paralysed by Grinder for 4 turns
  1717 | D:3      | Paralysed by Grinder for 2 turns
  1721 | D:3      | Killed Grinder
  1722 | D:3      | Reached skill level 4 in Fighting
  1722 | D:3      | Reached XP level 5. HP: 45/55 MP: 5/5
  1722 | D:3      | Reached XP level 6. HP: 52/63 MP: 6/6
  1763 | D:3      | Found a large runed translucent door.
  1841 | D:3      | Found a large runed translucent door.
  1955 | D:3      | Found Yruruj's Assorted Antiques.
  1959 | D:3      | Bought a scroll labelled EDE JOYFIHUSS for 16 gold pieces
  1959 | D:3      | Bought a scroll labelled DUTAHY KETET for 16 gold pieces
  1959 | D:3      | Bought a scroll labelled OMMEYT POACAWY for 16 gold pieces
  1959 | D:3      | Bought a scroll labelled OHIXAENAIRPH for 16 gold pieces
  1981 | D:3      | Bought a white potion for 14 gold pieces
  1981 | D:3      | Bought a bubbling orange potion for 14 gold pieces
  2218 | D:3      | Found a shimmering altar of Xom.
  2317 | D:3      | Reached skill level 5 in Fighting
  2874 | D:4      | Found a sparkling altar of Nemelex Xobeh.
  3010 | D:5      | Entered Level 5 of the Dungeon
  3026 | D:5      | Reached XP level 7. HP: 55/72 MP: 7/7
  3446 | D:5      | Found a staircase to the Ecumenical Temple.
  3456 | Temple   | Entered the Ecumenical Temple
  3476 | D:5      | Reached skill level 5 in Maces & Flails
  3694 | D:5      | Reached skill level 6 in Fighting
  3782 | D:5      | Reached XP level 8. HP: 83/83 MP: 8/8
  3829 | D:5      | Reached skill level 5 in Dodging
  3883 | D:5      | Identified the +4 scale mail of Irruxt {MP+9 Int+3}
  3883 | D:5      | Noticed Pikel
  3913 | D:5      | HP: 24/84 [Pikel/+1 whip of flaming (4)]
  3916 | D:5      | HP: 10/84 [Pikel/+1 whip of flaming (2)]
  3917 | D:5      | HP: 1/84 [Pikel/+1 whip of flaming (11)]
  3917 | D:5      | Slain by Pikel

Illustrated notes

Levels and vault maps discovered:
D:1:      nzn_arrival_water_spiral, layout_basic,
          hellmonk_ecumenical_altar_pennies_from_heaven
D:2:      layout_loops_ring, kennysheep_path_1, lightli_corner_chamber
D:3:      due_chaos_kobolds, layout_basic, serial_shops, nicolae_diamond_shop,
          minmay_statues_item, uniq_grinder
D:4:      layout_cave_pools, mainiacjoe_overflow_concentric_impassable
D:5:      layout_loops_cross, minmay_temple_entry_large_hall, uniq_pikel
Temple:   bh_familiar_temple

Skill      XL: |  1  2  3  4  5  6  7  8 |
---------------+-------------------------+-----
Fighting       | 3 4 5 6 |  6.5
Dodging        | 3 4 5 |  5.0
Maces & Flails | 4 5 |  5.4
Throwing       | 3 4 |  4.9

Action                     |  1- 3 |  4- 6 |  7- 9 || total
---------------------------+-------+-------+-------++-------
  Melee: Flail             |    58 |   129 |    45 ||   232
         Headbutt          |    12 |    16 |    21 ||    49
         Punch             |       |     1 |       ||     1
         Halberd           |       |       |    80 ||    80
  Evoke: Wand              |       |       |     2 ||     2
    Use: Scroll            |       |     6 |       ||     6
         Potion            |       |       |     1 ||     1
   Stab: Sleeping          |     1 |       |     1 ||     2
 Armour: Robe              |    30 |    87 |    65 ||   182
  Dodge: Dodged            |    32 |   113 |    91 ||   236

Table legend: (Time is in decaauts)
 A = Elapsed time spent in this place.
 B = Non-inter-level travel time spent in this place.
 C = Inter-level travel time spent in this place.
 D = Time resting spent in this place.
 E = Time spent auto-exploring this place.
 F = Levels seen in this place.
 G = Mean time per level.
                   A        B        C        D        E       F      G
               +--------+--------+--------+--------+--------+-----+--------+
         Total |   4005 |   3794 |    211 |     76 |   2777 |   6 |  667.5 |
       Dungeon |   4003 |   3792 |    211 |     76 |   2777 |   5 |  800.6 |
        Temple |      1 |      1 |      0 |      0 |      0 |   1 |    1.0 |
               +--------+--------+--------+--------+--------+-----+--------+

Top non-repeatable levels by time:
     D:1: 870 daAuts
     D:4: 857 daAuts
     D:3: 768 daAuts
     D:2: 768 daAuts
     D:5: 738 daAuts
  Temple: 1 daAuts
